 Dungeon Crawl Stone Soup version 0.30-a0-939-gc8157cb160 (webtiles) character file.

Game seed: 5068526217786060519

34 bande the Covered (level 3, 0/24 HPs)
             Began as a Gargoyle Fighter on Mar 26, 2023.
             Slain by Sigmund
             ... wielding a +0 scythe
              (10 damage)
             ... on level 2 of the Dungeon.
             The game lasted 00:01:07 (934 turns).

bande the Covered (Gargoyle Fighter)                 Turns: 934, Time: 00:01:08

Health: 0/24       AC: 10    Str: 19    XL:     3   Next: 31%
Magic:  3/3        EV:  9    Int:  8    God:
Gold:   60         SH:  4    Dex: 11    Spells: 2/2 levels left

rFire   . . .      SeeInvis .    a - +0 war axe
rCold   . . .      Faith    .    c - +0 buckler
rNeg    + . .      Spirit   .    b - +0 scale mail
rPois   ∞          Reflect  .    (no helmet)
rElec   +          Rampage  .    (no cloak)
rCorr   .                        (no gloves)
Will    .....                    (no boots) Stlth
                                 (no amulet)
HPRegen 0.24/turn                (no ring)
MPRegen 0.08/turn                (no ring)

@: mighty
A: sickness immunity, AC +3, negative energy resistance 1, electricity
resistance, torment resistance 1, petrification resistance
a: no special abilities


You were on level 2 of the Dungeon.
You visited 1 branch of the dungeon, and saw 2 of its levels.

You collected 60 gold pieces.

Inventory:

Hand Weapons
 a - a +0 war axe (weapon)
Armour
 b - a +0 scale mail (worn)
 c - a +0 buckler (worn)
Scrolls
 h - a scroll of identify {unknown}
 j - a scroll of silence {unknown}
Potions
 e - a potion of flight {unknown}
 f - a potion of magic {unknown}
 g - a potion of haste {unknown}
 i - a potion of berserk rage {unknown}


   Skills:
 + Level 3.6 Fighting
 + Level 2.2 Axes
 + Level 3.9 Armour
 + Level 3.5 Shields


You had 2 spell levels left.
You didn't know any spells.
Your spell library contained the following spells:

 Spells                   Type           Power      Damage    Failure   Level
 Magic Dart               Conj           0%         1d3       86%         1
 Searing Ray              Conj           0%         2d4       94%         2
 Fulminant Prism          Conj/Hex       0%         3d5       100%        4


Dungeon Overview and Level Annotations

Branches:
Dungeon (2/15)

Altars:

Annotations:
D:2 Sigmund


Innate Abilities, Weirdness & Mutations

You are immune to sickness and miasma.
Your stone body is resilient. (AC +3)
You are immune to poison.
You resist negative energy. (rN+)
You are resistant to electric shocks. (rElec)
You are resistant to unholy torment.
You are immune to petrification.


Message History

No target in view!
You see here a ball python corpse.
An adder comes into view.
Found a ring mail.
The adder hisses angrily.
You see here 9 gold pieces.
An adder is nearby!
Sigmund the Dreaded comes into view.
He is wielding a +0 scythe.
Found a stone staircase leading down.
Sigmund shouts!
Sigmund casts a spell at you. The puff of flame hits you.
Found a stone staircase leading down.
Sigmund gestures at you while chanting. You resist with significant effort.
You slash the adder!
The adder is severely wounded.
The adder bites you but does no damage. Sigmund hits you but does no damage.
You block the adder's attack.
You closely miss the adder.
The adder is severely wounded.
The adder bites you but does no damage.
Sigmund mumbles some strange words.
Sigmund flickers and vanishes!
Deactivating autopickup; reactivate with Ctrl-A.
The adder bites you.
You feel very mighty all of a sudden. The adder closely misses you.
Something hits you but does no damage. The adder bites you but does no damage.
Something hits you. The adder bites you but does no damage.
You miss something. You closely miss the adder. The adder closely misses you.
Something hits you.
Unknown command.
You closely miss something. You closely miss the adder.
The adder barely misses you. You block the adder's attack. Something hits you!
You closely miss something. You barely miss the adder.
You block the adder's attack. The adder bites you but does no damage.
Unknown command.
You hit something. You closely miss the adder. Something hits you!
You die...

# ##.## .# # ##PP.# #.#
# #PP#P# ..# # #....# ..
# ##....# .#
#.#....#######.#####
..#..........$#....#
###.#.########.##.#.####
###.#.# #..@{......
.†..#.# #..S......#
#####.# #.........#
#####.# #.[.......#
......# ..........#
.###### #..........# .#
#........>.# ##
#...>......#


You could see an adder.

Vanquished Creatures
  A worm (D:2)
  2 dart slugs (D:1)
  3 endoplasms (D:1)
  A giant cockroach (D:1)
  4 goblins (D:1)
  A hobgoblin (D:1)
  3 jackals (D:2)
  2 kobolds (D:1)
  2 quokkas (D:1)
  2 ball pythons (D:2)
  A bat (D:1)
  A frilled lizard (D:2)
  2 rats
25 creatures vanquished.

Notes
Turn   | Place    | Note
-------+----------+-------------------------------------------
     0 | D:1      | bande the Gargoyle Fighter began the quest for the Orb.
     0 | D:1      | Reached XP level 1. HP: 14/14 MP: 1/1
    19 | D:1      | Reached XP level 2. HP: 16/19 MP: 2/2
   480 | D:1      | Reached XP level 3. HP: 18/24 MP: 3/3
   925 | D:2      | Noticed Sigmund
   934 | D:2      | Slain by Sigmund

Illustrated notes

Levels and vault maps discovered:
D:1:      mushboom_english_gardens, layout_loops_ring
D:2:      layout_loops_ring, basic_altar, uniq_crazy_yiuf_cottage, uniq_sigmund

Skill      XL: |  1  2 |
---------------+-------+-----
Axes           | 2 |  2.2
Fighting       | |  3.6
Armour         | |  3.9
Shields        | |  3.5

Action                     || total
---------------------------++-------
  Melee: War axe           ||    67
    Use: Potion            ||     1
 Armour: Scale mail        ||    39
  Dodge: Dodged            ||    22
  Block: Buckler           ||    20

Table legend: (Time is in decaauts)
 A = Elapsed time spent in this place.
 B = Non-inter-level travel time spent in this place.
 C = Inter-level travel time spent in this place.
 D = Time resting spent in this place.
 E = Time spent auto-exploring this place.
 F = Levels seen in this place.
 G = Mean time per level.
                   A        B        C        D        E       F      G
               +--------+--------+--------+--------+--------+-----+--------+
         Total |    962 |    912 |     50 |      0 |    734 |   2 |  481.0 |
       Dungeon |    962 |    912 |     50 |      0 |    734 |   2 |  481.0 |
               +--------+--------+--------+--------+--------+-----+--------+

Top non-repeatable levels by time:
     D:1: 787 daAuts
     D:2: 175 daAuts
